| TOP OF THE 1ST |
|
New York Mets batting - Pitching for Washington Nationals : LHP Ragnar Danielsson
|
|
Pitching: LHP Ragnar Danielsson
|
|
|
Batting: RHB Billy Walker
|
0-0: Called Strike 0-1: Ball 1-1: Ball 2-1: Foul Ball, location: 2F 2-2: Ball 3-2: Strikes out swinging
|
|
Batting: LHB Kevin Bellman
|
0-0: Ball 1-0: Ball 2-0: DOUBLE (Flyball, 78D, EV 106.9 MPH)
|
|
Batting: SHB Sean Cook
|
0-0: Called Strike 0-1: Foul Ball, location: 2F 0-2: Strikes out swinging
|
|
Batting: RHB Drtian Thaqi
|
0-0: Ball 1-0: Called Strike 1-1: Ball 2-1: Ball 3-1: Foul Ball, location: 2F 3-2: Strikes out swinging
|
| Top of the 1st over - 0 runs, 1 hit, 0 errors, 1 left on base; New York 0 - Washington 0 |
| BOTTOM OF THE 1ST |
|
Washington Nationals batting - Pitching for New York Mets : RHP Andy Reinhardt
|
|
Pitching: RHP Andy Reinhardt
|
|
|
Batting: SHB Mark Rennie
|
0-0: Foul Ball, location: 2F 0-1: Ball 1-1: Bunted foul 1-2: Foul Ball, location: 2F 1-2: Ball 2-2: Foul Ball, location: 2F 2-2: Ball 3-2: SINGLE (Groundball, 34D, EV 109.4 MPH)
|
|
Batting: LHB Bi-jun Chien
|
0-0: Foul Ball, location: 2F 0-1: Ball 1-1: Fielders Choice at 2nd, 4-6 (Groundball, 4, EV 81.2 MPH)
|
|
Batting: LHB Seth Cook
|
0-0: Grounds into double play, 4-6-3 (Groundball, 4, EV 101.9 MPH)
|
| Bottom of the 1st over - 0 runs, 1 hit, 0 errors, 0 left on base; New York 0 - Washington 0 |
| TOP OF THE 2ND |
|
New York Mets batting - Pitching for Washington Nationals : LHP Ragnar Danielsson
|
|
Batting: SHB Roberto Magne
|
0-0: Ball 1-0: Foul Ball, location: 2F 1-1: Foul Ball, location: 2F 1-2: Foul Ball, location: 2F 1-2: Foul Ball, location: 2F 1-2: Ball 2-2: Foul Ball, location: 2F 2-2: Ground out 5-3 (Groundball, 5, EV 96.9 MPH)
|
|
Batting: RHB Antonio Aranda
|
0-0: Ball 1-0: Ball 2-0: Ball 3-0: Base on Balls
|
|
Batting: SHB Nelle van den Berg
|
0-0: Foul Ball, location: 2F 0-1: Called Strike 0-2: Ball 1-2: Fly out, F5 (Popup, 15S, EV 93.8 MPH)
|
|
Batting: LHB Fabiano Perrolas
|
0-0: Ball 1-0: Foul Ball, location: 2F 1-1: Swinging Strike 1-2: Ball 2-2: Strikes out looking
|
| Top of the 2nd over - 0 runs, 0 hits, 0 errors, 1 left on base; New York 0 - Washington 0 |
| BOTTOM OF THE 2ND |
|
Washington Nationals batting - Pitching for New York Mets : RHP Andy Reinhardt
|
|
Batting: RHB John Sanders
|
0-0: Ball 1-0: SINGLE (Line Drive, 56D, EV 103.8 MPH)
|
|
Batting: SHB Tze-meng Gan
|
0-0: Swinging Strike 0-1: Ball 1-1: Foul Ball, location: 2F 1-2: Strikes out looking
|
|
Batting: LHB Jeff Luvisi
|
0-0: Called Strike John Sanders steals 2nd base 0-1: Ground out U3 (Groundball, 34, EV 101.9 MPH) John Sanders to third
|
|
Batting: LHB Bob Melley
|
0-0: Foul Ball, location: 2F 0-1: Swinging Strike 0-2: Foul Ball, location: 2F 0-2: Ball 1-2: Ball 2-2: Ball 3-2: Fly out, F7 (Line Drive, 7, EV 92.5 MPH)
|
| Bottom of the 2nd over - 0 runs, 1 hit, 0 errors, 1 left on base; New York 0 - Washington 0 |
| TOP OF THE 3RD |
|
New York Mets batting - Pitching for Washington Nationals : LHP Ragnar Danielsson
|
|
Batting: SHB Javy Rosa
|
0-0: Ball 1-0: Swinging Strike 1-1: Ball 2-1: Called Strike 2-2: Strikes out looking
|
|
Batting: RHB Billy Walker
|
0-0: Ball 1-0: Ball 2-0: Foul Ball, location: 2F 2-1: Ground out 6-3 (Groundball, 6, EV 91.2 MPH)
|
|
Batting: LHB Kevin Bellman
|
0-0: Swinging Strike 0-1: Ground out 5-3 (Groundball, 56S, EV 84.4 MPH)
|
| Top of the 3rd over - 0 runs, 0 hits, 0 errors, 0 left on base; New York 0 - Washington 0 |
| BOTTOM OF THE 3RD |
|
Washington Nationals batting - Pitching for New York Mets : RHP Andy Reinhardt
|
|
Batting: RHB Dan Fallon
|
0-0: Ball 1-0: Called Strike 1-1: Ball 2-1: Ground out 4-3 (Groundball, 34D, EV 103.1 MPH)
|
|
Batting: RHB Darren McCarty Jr.
|
0-0: Foul Ball, location: 2F 0-1: Called Strike 0-2: Ball 1-2: Foul Ball, location: 2F 1-2: Foul Ball, location: 2F 1-2: Ball 2-2: DOUBLE (Line Drive, 89XD, EV 107.5 MPH)
|
|
Batting: SHB Mark Rennie
|
0-0: Ground out 4-3 (Groundball, 34, EV 78.8 MPH) Darren McCarty Jr. to third
|
|
Batting: LHB Bi-jun Chien
|
0-0: Ball 1-0: Swinging Strike 1-1: Foul Ball, location: 2F 1-2: Ball 2-2: Ball 3-2: Fly out, F8 (Flyball, 8RXD, EV 93.8 MPH)
|
| Bottom of the 3rd over - 0 runs, 1 hit, 0 errors, 1 left on base; New York 0 - Washington 0 |
| TOP OF THE 4TH |
|
New York Mets batting - Pitching for Washington Nationals : LHP Ragnar Danielsson
|
|
Batting: SHB Sean Cook
|
0-0: Called Strike 0-1: Foul Ball, location: 2F 0-2: Foul Ball, location: 2F 0-2: Foul Ball, location: 2F 0-2: DOUBLE (Flyball, 89D, EV 102.5 MPH)
|
|
Batting: RHB Drtian Thaqi
|
0-0: Ball 1-0: Called Strike 1-1: Ball 2-1: Foul Ball, location: 2F 2-2: Ball 3-2: Foul Ball, location: 2F 3-2: Strikes out looking
|
|
Batting: SHB Roberto Magne
|
0-0: Ball 1-0: Ground out 6-3 (Groundball, 6, EV 106.9 MPH)
|
|
Batting: RHB Antonio Aranda
|
0-0: Ground out 4-3 (Groundball, 4, EV 101.2 MPH)
|
| Top of the 4th over - 0 runs, 1 hit, 0 errors, 1 left on base; New York 0 - Washington 0 |
| BOTTOM OF THE 4TH |
|
Washington Nationals batting - Pitching for New York Mets : RHP Andy Reinhardt
|
|
Batting: LHB Seth Cook
|
0-0: Ball 1-0: Ball 2-0: Ball 3-0: Base on Balls
|
|
Batting: RHB John Sanders
|
0-0: Ball 1-0: Ball 2-0: Foul Ball, location: 2F 2-1: Ball 3-1: Foul Ball, location: 2F 3-2: Base on Balls Seth Cook to second
|
|
Batting: SHB Tze-meng Gan
|
0-0: Ball 1-0: Fly out, F9 (Flyball, 9, EV 81.9 MPH)
|
|
Batting: LHB Jeff Luvisi
|
0-0: Called Strike 0-1: Ball 1-1: Ball 2-1: Foul Ball, location: 2F 2-2: Foul Ball, location: 2F 2-2: Ball 3-2: Base on Balls Seth Cook to third John Sanders to second
|
|
Batting: LHB Bob Melley
|
0-0: Fly out, F7 (Line Drive, 7S, EV 105.6 MPH) Runner from 3rd tags up, SCORES, throw by LF
|
|
Batting: RHB Dan Fallon
|
0-0: Called Strike 0-1: Swinging Strike 0-2: Ball 1-2: Foul Ball, location: 2F 1-2: Strikes out looking
|
| Bottom of the 4th over - 1 run, 0 hits, 0 errors, 2 left on base; New York 0 - Washington 1 |
| TOP OF THE 5TH |
|
New York Mets batting - Pitching for Washington Nationals : LHP Ragnar Danielsson
|
|
Batting: SHB Nelle van den Berg
|
0-0: Foul Ball, location: 2F 0-1: Swinging Strike 0-2: Foul Ball, location: 2F 0-2: Foul Ball, location: 2F 0-2: Strikes out looking
|
|
Batting: LHB Fabiano Perrolas
|
0-0: Ball 1-0: Ball 2-0: Foul Ball, location: 2F 2-1: Called Strike 2-2: Ball 3-2: Strikes out swinging
|
|
Batting: SHB Javy Rosa
|
0-0: Ball 1-0: Called Strike 1-1: Foul Ball, location: 2F 1-2: Fly out, F3 (Popup, 34S, EV 68.8 MPH)
|
| Top of the 5th over - 0 runs, 0 hits, 0 errors, 0 left on base; New York 0 - Washington 1 |
| BOTTOM OF THE 5TH |
|
Washington Nationals batting - Pitching for New York Mets : RHP Andy Reinhardt
|
|
Batting: RHB Darren McCarty Jr.
|
0-0: Foul Ball, location: 2F 0-1: Swinging Strike 0-2: Foul Ball, location: 2F 0-2: Strikes out swinging
|
|
Batting: SHB Mark Rennie
|
0-0: Ball 1-0: Ball 2-0: Ground out 4-3 (Groundball, 4S, EV 81.2 MPH)
|
|
Batting: LHB Bi-jun Chien
|
0-0: Called Strike 0-1: SINGLE (Groundball, 6D, EV 103.8 MPH)
|
|
Batting: LHB Seth Cook
|
0-0: Ball Bi-jun Chien steals 2nd base (no throw) 1-0: Called Strike 1-1: Fly out, F9 (Flyball, 9LS, EV 86.9 MPH)
|
| Bottom of the 5th over - 0 runs, 1 hit, 0 errors, 1 left on base; New York 0 - Washington 1 |
| TOP OF THE 6TH |
|
New York Mets batting - Pitching for Washington Nationals : LHP Ragnar Danielsson
|
|
Batting: RHB Billy Walker
|
0-0: Fly out, F7 (Line Drive, 78M, EV 88.8 MPH)
|
|
Batting: LHB Kevin Bellman
|
0-0: Called Strike 0-1: Ball 1-1: Called Strike 1-2: Foul Ball, location: 2F 1-2: Strikes out looking
|
|
Batting: SHB Sean Cook
|
0-0: Foul Ball, location: 2F 0-1: Swinging Strike 0-2: Strikes out looking
|
| Top of the 6th over - 0 runs, 0 hits, 0 errors, 0 left on base; New York 0 - Washington 1 |
| BOTTOM OF THE 6TH |
|
Washington Nationals batting - Pitching for New York Mets : RHP Andy Reinhardt
|
|
Batting: RHB John Sanders
|
0-0: Called Strike 0-1: Ball 1-1: Ball 2-1: Ball 3-1: Base on Balls
|
|
Batting: SHB Tze-meng Gan
|
0-0: Called Strike 0-1: Ball 1-1: Called Strike 1-2: Fly out, F7 (Flyball, 7S, EV 86.2 MPH)
|
|
Batting: LHB Jeff Luvisi
|
0-0: Ball 1-0: Ball 2-0: Ball 3-0: Base on Balls John Sanders to second
|
|
Batting: LHB Bob Melley
|
0-0: Ball Wild Pitch! John Sanders to third Jeff Luvisi to second 1-0: Ground out U3 (Groundball, 34, EV 98.1 MPH)
|
|
Pitching: RHP Billy McIntyre
|
|
|
Batting: RHB Dan Fallon
|
0-0: 3-RUN HOME RUN (Flyball, 78XD, EV 98.8 MPH), Distance : 406 ft
|
|
Batting: RHB Darren McCarty Jr.
|
0-0: Ball 1-0: Called Strike 1-1: Swinging Strike 1-2: Foul Ball, location: 2F 1-2: Strikes out swinging
|
| Bottom of the 6th over - 3 runs, 1 hit, 0 errors, 0 left on base; New York 0 - Washington 4 |
| TOP OF THE 7TH |
|
New York Mets batting - Pitching for Washington Nationals : LHP Ragnar Danielsson
|
|
Batting: RHB Drtian Thaqi
|
0-0: SINGLE (Line Drive, 8RS, EV 96.9 MPH)
|
|
Batting: SHB Roberto Magne
|
0-0: Ball 1-0: 2-RUN HOME RUN (Flyball, 7D, EV 95.6 MPH), Distance : 373 ft
|
|
Batting: RHB Antonio Aranda
|
0-0: Ball 1-0: Ball 2-0: Foul Ball, location: 2F 2-1: Ball 3-1: Foul Ball, location: 2F 3-2: DOUBLE (Groundball, 5L, EV 105.0 MPH)
|
|
Batting: SHB Nelle van den Berg
|
0-0: Ball 1-0: Swinging Strike 1-1: Ball 2-1: Swinging Strike 2-2: Ball 3-2: Ground out 5-3 (Groundball, 56, EV 86.9 MPH)
|
|
Pitching: RHP Travis Plesz
|
|
|
Batting: LHB Fabiano Perrolas
|
0-0: Called Strike 0-1: Ground out 4-3 (Groundball, 4, EV 101.2 MPH) Antonio Aranda to third
|
|
Batting: SHB Javy Rosa
|
0-0: Ball 1-0: Ball 2-0: DOUBLE (Line Drive, 7LS, EV 92.5 MPH) Antonio Aranda scores
|
|
Batting: RHB Billy Walker
|
0-0: Called Strike 0-1: SINGLE (Line Drive, 4D, EV 96.2 MPH) Javy Rosa to third Runner from 3rd tries for Home, throw by CF and OUT! 8-2
|
| Top of the 7th over - 3 runs, 5 hits, 0 errors, 1 left on base; New York 3 - Washington 4 |
| BOTTOM OF THE 7TH |
|
Washington Nationals batting - Pitching for New York Mets : RHP Billy McIntyre
|
|
Batting: SHB Mark Rennie
|
0-0: Ball 1-0: Called Strike 1-1: Foul Ball, location: 2F 1-2: Ball 2-2: Ball 3-2: SINGLE (Groundball, 6MS, EV 61.9 MPH) (infield hit)
|
|
Batting: LHB Bi-jun Chien
|
0-0: Sac Bunt to 3S - play at first, batter OUT! 3-4 Mark Rennie to second
|
|
Batting: LHB Seth Cook
|
0-0: Intentional Walk
|
|
Batting: RHB John Sanders
|
0-0: Ball 1-0: Foul Ball, location: 2F 1-1: Foul Ball, location: 2F 1-2: Ball 2-2: Strikes out looking
|
|
Batting: SHB Tze-meng Gan
|
0-0: Called Strike 0-1: Ground out U3 (Groundball, 3L, EV 100.6 MPH)
|
| Bottom of the 7th over - 0 runs, 1 hit, 0 errors, 2 left on base; New York 3 - Washington 4 |
| TOP OF THE 8TH |
|
New York Mets batting - Pitching for Washington Nationals : RHP Travis Plesz
|
|
Batting: LHB Kevin Bellman
|
0-0: Ball 1-0: Ball 2-0: Called Strike 2-1: Swinging Strike 2-2: Foul Ball, location: 2F 2-2: SINGLE (Groundball, 56S, EV 75.6 MPH) (infield hit)
|
|
Batting: SHB Sean Cook
|
0-0: Ball 1-0: Called Strike 1-1: Foul Ball, location: 2F 1-2: Foul Ball, location: 2F 1-2: SINGLE (Groundball, 4MS, EV 69.4 MPH) (infield hit) Kevin Bellman to second
|
|
Batting: RHB Drtian Thaqi
|
0-0: Called Strike 0-1: Ball 1-1: DOUBLE (Line Drive, 9LM, EV 101.9 MPH) Kevin Bellman scores Sean Cook to third
|
|
Batting: SHB Roberto Magne
|
0-0: Intentional Walk
|
|
Batting: RHB Antonio Aranda
|
0-0: Ball 1-0: Grounds into fielders choice 5-2 (Groundball, 5L, EV 84.4 MPH) Drtian Thaqi to third Roberto Magne to second
|
|
Batting: SHB Nelle van den Berg
|
0-0: Ball 1-0: Foul Ball, location: 2F 1-1: Ball 2-1: DOUBLE (Line Drive, 89M, EV 112.5 MPH) Drtian Thaqi scores Roberto Magne scores Antonio Aranda to third
|
|
Batting: LHB Fabiano Perrolas
|
0-0: Ball 1-0: Called Strike 1-1: Called Strike 1-2: Fly out, F8 (Flyball, 8RM, EV 81.9 MPH) Runner from 3rd tags up, SCORES, throw by CF
|
|
Pitching: RHP Caleb Westbay
|
|
|
Batting: SHB Javy Rosa
|
0-0: 2-RUN HOME RUN (Flyball, 89XD, EV 98.8 MPH), Distance : 397 ft
|
|
Batting: RHB Billy Walker
|
0-0: Ball 1-0: Swinging Strike 1-1: Called Strike 1-2: Foul Ball, location: 2F 1-2: Foul Ball, location: 2F 1-2: Strikes out swinging, 2-3 out at first.
|
| Top of the 8th over - 6 runs, 5 hits, 0 errors, 0 left on base; New York 9 - Washington 4 |
| BOTTOM OF THE 8TH |
|
Washington Nationals batting - Pitching for New York Mets : RHP Billy McIntyre
|
|
Batting: LHB Jeff Luvisi
|
0-0: Called Strike 0-1: Ball 1-1: Ground out 6-3 (Groundball, 6, EV 82.5 MPH)
|
|
Batting: LHB Bob Melley
|
0-0: Called Strike 0-1: Ground out U3 (Groundball, 34, EV 101.9 MPH)
|
|
Batting: RHB Dan Fallon
|
0-0: Called Strike 0-1: Foul Ball, location: 2F 0-2: Foul Ball, location: 2F 0-2: Foul Ball, location: 2F 0-2: Strikes out swinging
|
| Bottom of the 8th over - 0 runs, 0 hits, 0 errors, 0 left on base; New York 9 - Washington 4 |
| TOP OF THE 9TH |
|
New York Mets batting - Pitching for Washington Nationals : RHP Caleb Westbay
|
|
Batting: LHB Kevin Bellman
|
0-0: Foul Ball, location: 2F 0-1: Ball 1-1: Ball 2-1: Foul Ball, location: 2F 2-2: Strikes out swinging
|
|
Batting: SHB Sean Cook
|
0-0: Foul Ball, location: 2F 0-1: Ball 1-1: Ball 2-1: SINGLE (Line Drive, 4M, EV 105.0 MPH)
|
|
Batting: RHB Drtian Thaqi
|
0-0: Called Strike 0-1: SINGLE (Line Drive, 89S, EV 87.5 MPH) Sean Cook to second Runner from 2nd tries for 3rd, SAFE, throw by RF made to third
|
|
Batting: SHB Roberto Magne
|
0-0: Called Strike 0-1: Foul Ball, location: 2F 0-2: Foul Ball, location: 2F 0-2: Strikes out looking
|
|
Batting: RHB Antonio Aranda
|
0-0: Ball 1-0: Ball 2-0: Ball 3-0: Called Strike 3-1: Base on Balls Drtian Thaqi to second
|
|
Batting: SHB Nelle van den Berg
|
0-0: Ball 1-0: Called Strike 1-1: Ball Wild Pitch! Sean Cook scores Drtian Thaqi to third Antonio Aranda to second 2-1: Ball 3-1: DOUBLE (Flyball, 8RXD, EV 115.0 MPH) Drtian Thaqi scores Antonio Aranda scores
|
|
Batting: LHB Fabiano Perrolas
|
0-0: Ball 1-0: Fly out, F7 (Line Drive, 78D, EV 92.5 MPH)
|
| Top of the 9th over - 3 runs, 3 hits, 0 errors, 1 left on base; New York 12 - Washington 4 |
| BOTTOM OF THE 9TH |
|
Washington Nationals batting - Pitching for New York Mets : RHP Billy McIntyre
|
|
Batting: RHB Darren McCarty Jr.
|
0-0: Called Strike 0-1: Ball 1-1: Fly out, F9 (Line Drive, 89S, EV 95.6 MPH)
|
|
Batting: SHB Mark Rennie
|
0-0: Ball 1-0: Foul Ball, location: 2F 1-1: Foul Ball, location: 2F 1-2: Ball 2-2: SINGLE (Groundball, 4MD, EV 109.4 MPH)
|
|
Pitching: LHP Sam Schrecengost
|
|
|
Batting: LHB Bi-jun Chien
|
0-0: Fielders Choice at 2nd, 1-6 (Groundball, 34S, EV 76.2 MPH)
|
|
Pinch Hitting: RHB Dave Vargas
|
0-0: Ball 1-0: Foul Ball, location: 2F 1-1: Called Strike 1-2: Foul Ball, location: 2F 1-2: Strikes out swinging
|
| Bottom of the 9th over - 0 runs, 1 hit, 0 errors, 1 left on base; New York 12 - Washington 4 |
|